 Dungeon Crawl Stone Soup version 0.21.0-25-ge575cb9 (webtiles) character file.

116 nikopol the Shield-Bearer (level 5, -1/33 HPs)
             Began as a Gargoyle Fighter on Jan 23, 2018.
             Slain by Nanban's ghost (5 damage)
             ... on level 3 of the Dungeon.
             The game lasted 00:02:37 (1096 turns).

nikopol the Shield-Bearer (Gargoyle Fighter)        Turns: 1096, Time: 00:02:37

Health: -1/33      AC: 12    Str: 19    XL:     5   Next: 1%
Magic:  5/5        EV:  7    Int:  9    God:
Gold:   70         SH:  9    Dex: 10    Spells: 4/4 levels left

rFire    . . .     SeeInvis .   a - +0 war axe
rCold    . . .     Gourm    .   c - +0 shield
rNeg     + . .     Faith    .   b - +0 scale mail
rPois    ∞         Spirit   .   (no helmet)
rElec    +         Reflect  .   (no cloak)
rCorr    .         Harm     .   (no gloves)
MR       .....                  l - +0 pair of boots
Stlth    ..........             (no amulet)
HPRegen  0.11/turn              (no ring)
MPRegen  0.09/turn              (no ring)

@: no status effects
A: negative energy resistance 1, electricity resistance, unbreathing,
petrification resistance, rot immunity, AC +4
a: no special abilities


You were on level 3 of the Dungeon.
You were not hungry.

You visited 1 branch of the dungeon, and saw 3 of its levels.

You collected 70 gold pieces.

Inventory:

Hand Weapons
 a - a +0 war axe (weapon)
Armour
 b - a +0 scale mail (worn)
 c - a +0 shield (worn)
 l - a +0 pair of boots (worn)
Jewellery
 q - a cursed ring of loudness {unknown}
Scrolls
 e - a scroll of teleportation {unknown}
 h - 5 scrolls of identify {unknown}
 o - a scroll of random uselessness {unknown}
 s - a scroll of blinking {unknown}
Potions
 d - a potion of might
 g - a potion of flight {unknown}
 i - a potion of mutation {unknown}
 j - a potion of degeneration {unknown}
 k - a potion of brilliance {unknown}
 m - a potion of haste {unknown}
 n - a potion of agility {unknown}
 p - a potion of berserk rage {unknown}
Comestibles
 f - 3 rations
 r - 6 chunks of flesh


   Skills:
 + Level 3.7 Fighting
 + Level 3.3 Axes
 + Level 3.7 Armour
 + Level 0.4 Dodging
 + Level 0.1 Stealth
 + Level 4.0 Shields


You had 4 spell levels left.
You didn't know any spells.

Dungeon Overview and Level Annotations

Branches:
Dungeon (3/15)

Altars:
Okawaru

Annotations:
D:3 Nanban's ghost, amateur DsMo


Innate Abilities, Weirdness & Mutations

You are resistant to torment.
Your stone body is resilient. (AC +4)
You are immune to poison.
You resist negative energy. (rN+)
You are resistant to electric shocks. (rElec)
You can survive without breathing.
You are immune to petrification.
You are immune to rotting.


Message History

Nanban's ghost is lightly damaged.
Nanban's ghost hits you!
* * * LOW HITPOINT WARNING * * *
You block Nanban's ghost's attack.
You barely miss Nanban's ghost.
Nanban's ghost is lightly damaged.
Nanban's ghost hits you.
* * * LOW HITPOINT WARNING * * *
You closely miss Nanban's ghost.
Nanban's ghost is lightly damaged.
Nanban's ghost hits you.
* * * LOW HITPOINT WARNING * * *
Nanban's ghost hits you but does no damage.
You barely miss Nanban's ghost.
Nanban's ghost is lightly damaged.
You block Nanban's ghost's attack.
Your shield prevents you from hitting Nanban's ghost.
Nanban's ghost is lightly damaged.
Nanban's ghost hits you.
You die...

.....<.........
#..........#....
#..........?.....
..................
................>..
...................
......))W..........
###..†@?..........
#.................
...##..............
. ##....(........
##..##..#####
##.##..# .#
#.##..##
...####...[..#####
..................


You could see Nanban's ghost.

Vanquished Creatures
  2 orc priests (D:2)
  An adder (D:2)
  An ooze (D:1)
  3 dart slugs (D:1)
  An orc (D:2)
  3 bats
  A giant cockroach (D:1)
  5 goblins
  6 hobgoblins
  2 jackals (D:1)
  A quokka (D:3)
  2 ball pythons
  7 kobolds
  4 rats
39 creatures vanquished.

Notes
Turn   | Place    | Note
-------+----------+-------------------------------------------
     0 | D:1      | nikopol the Gargoyle Fighter began the quest for the Orb.
     0 | D:1      | Reached XP level 1. HP: 14/14 MP: 1/1
   139 | D:1      | Reached XP level 2. HP: 19/19 MP: 2/2
   180 | D:1      | Reached XP level 3. HP: 23/23 MP: 3/3
   270 | D:1      | Found an iron altar of Okawaru.
   881 | D:2      | Reached XP level 4. HP: 25/28 MP: 4/4
   917 | D:2      | Reached skill level 4 in Shields
  1071 | D:3      | Noticed Nanban's ghost (amateur DsMo)
  1086 | D:3      | Reached XP level 5. HP: 21/33 MP: 5/5
  1096 | D:3      | Slain by Nanban's ghost

Skill      XL: |  1  2  3  4 |
---------------+-------------+-----
Axes           | 2 3 |  3.3
Shields        | 4 |  4.0
Fighting       | |  3.7
Armour         | |  3.7
Dodging        | |  0.4
Stealth        | |  0.1

Action                   |  1- 3 |  4- 6 || total
-------------------------+-------+-------++-------
Melee: War axe           |    63 |    39 ||   102
  Eat: Chunk             |       |     1 ||     1
Armor: Scale mail        |    46 |    20 ||    66
Dodge: Dodged            |    18 |    14 ||    32
Block: Shield            |    44 |    25 ||    69
